 Dungeon Crawl Stone Soup version 0.28.0-47-ge53b351184 (webtiles) character file.

Game seed: 17249160218299902402

597 croobank the Covert (level 7, -2/60 HPs)
             Began as a Gnoll Delver on Apr 29, 2022.
             Slain by a killer bee (3 damage)
             ... on level 5 of the Dungeon.
             The game lasted 00:22:02 (5321 turns).

croobank the Covert (Gnoll Delver)                  Turns: 5321, Time: 00:22:03

Health: -2/60      AC:  6    Str: 11    XL:     7   Next: 40%
Magic:  10/10      EV: 10    Int: 11    God:
Gold:   163        SH:  0    Dex: 14    Spells: 10/10 levels left

rFire   . . .      SeeInvis .   a - +2 hand axe
rCold   . . .      Faith    .   (no shield)
rNeg    . . .      Spirit   .   e - +0 scale mail
rPois   +          Reflect  .   (no helmet)
rElec   .          Harm     .   (no cloak)
rCorr   +          Rampage  .   (no gloves)
Will    .....                   (no boots)
Stlth   +++.......              n - amulet of magic regeneration
HPRegen 0.20/turn               j - ring of poison resistance
MPRegen 0.52/turn               r - ring of resist corrosion

@: no status effects
A: fangs 1, strong nose, distributed training, deterioration 1, mutation
resistance 1
a: no special abilities


You were on level 5 of the Dungeon.
You visited 1 branch of the dungeon, and saw 5 of its levels.

You collected 163 gold pieces.

Inventory:

Hand Weapons
 a - a +2 hand axe (weapon)
 h - a +0 quarterstaff
 s - a +0 rapier
Missiles
 d - 122 stones (quivered)
 k - 24 arrows
 p - 66 sling bullets
 q - 2 poisoned darts
Armour
 b - a +1 leather armour
 e - a +0 scale mail (worn)
Magical Staves
 f - a staff of death
 l - a staff of fire
Jewellery
 j - a ring of poison resistance (left hand)
 n - an amulet of magic regeneration (around neck)
 r - a ring of resist corrosion (right hand)
Wands
 g - a wand of digging (3)
Scrolls
 c - 2 scrolls of fog
Potions
 i - 2 potions of brilliance


   Skills:
 + Level 7.0 Fighting
 + Level 2.4 Short Blades
 + Level 2.4 Long Blades
 + Level 5.2 Axes
 + Level 2.4 Maces & Flails
 + Level 2.4 Polearms
 + Level 2.4 Staves
 + Level 2.4 Slings
 + Level 2.4 Bows
 + Level 2.4 Crossbows
 + Level 2.4 Throwing
 + Level 2.4 Armour
 + Level 5.2 Dodging
 + Level 9.9 Stealth
 + Level 2.4 Shields
 + Level 2.4 Unarmed Combat
 + Level 2.4 Spellcasting
 + Level 2.0 Conjurations
 + Level 2.0 Hexes
 + Level 2.0 Summonings
 + Level 2.0 Necromancy
 + Level 2.0 Translocations
 + Level 2.0 Transmutations
 + Level 2.0 Fire Magic
 + Level 2.0 Ice Magic
 + Level 2.0 Air Magic
 + Level 2.0 Earth Magic
 + Level 2.0 Poison Magic
 + Level 2.7 Invocations
 + Level 2.4 Evocations


You had 10 spell levels left.
You didn't know any spells.
Your spell library contained the following spells:

 Spells                   Type           Power      Damage    Failure   Level
 Chain Lightning          Conj/Air       2%         3d3       100%        9
 Fire Storm               Conj/Fire      2%         8d1       100%        9
 Shatter                  Erth           2%         3d6*      100%        9


Dungeon Overview and Level Annotations

Branches:
Dungeon (5/15)
 Temple: D:4-7

Altars:
Okawaru
Wu Jian

Shops:
D:4 (

Annotations:
D:3 Grinder


Innate Abilities, Weirdness & Mutations

You have very sharp teeth.
Your uncanny sense of smell can sniff out nearby items.
Your experience applies equally to all skills.
Your body sometimes deteriorates upon taking damage.
You are somewhat resistant to further mutation.


Message History

The killer bee barely misses you.
Unknown command.
You miss the killer bee.
The killer bee is heavily wounded.
You barely miss the killer bee. The killer bee closely misses you. x2
The killer bee barely misses you. x2
Okay, then.
Okay, then.
The killer bee misses you. The killer bee closely misses you.
The killer bee stings you.
* * * LOW HITPOINT WARNING * * *
You closely miss the killer bee.
The killer bee is heavily wounded.
You barely miss the killer bee. The killer bee stings you.
* * * LOW HITPOINT WARNING * * *
The killer bee closely misses you.
It was a potion of mutation.
You feel extremely strange.
You feel yourself wasting away.
You feel genetically stable.
The killer bee stings you but does no damage.
The killer bee barely misses you. x3
Okay, then.
Aiming: Dig
Press: ? - help, Shift-Dir - straight line Digging in that direction won't affect any walls.
A stone wall.
Okay, then.
Unknown command.
The killer bee barely misses you.
The killer bee stings you but does no damage.
The killer bee stings you.
* * * LOW HITPOINT WARNING * * *
The killer bee barely misses you. x2
The killer bee barely misses you. The killer bee stings you.
* * * LOW HITPOINT WARNING * * *
The killer bee stings you.
* * * LOW HITPOINT WARNING * * *
The killer bee stings you but does no damage.
The killer bee completely misses you. The killer bee stings you.
You die...

#.....####..... ..
#....###.....#####
######.......#....
.....#....#....#
#.........### #
##......#.# #.
#.....y.5## ...
##.#y.#.#..######...
#.>@yyyy#.yy..#.....
#....#.....###.#.......
######....## #...#....#
#....# ###.......
#....# ###....# #....#
#....# #....# #....#
#....# #....# #....#
#...$#


You could see 6 killer bees.

Vanquished Creatures
  2 black bears
  A scorpion (D:3)
  2 hounds
  2 jellies
  A gnoll shaman (D:2)
  3 iguanas
  6 gnolls
  An adder (D:3)
  An adder skeleton (D:4)
  4 worms
  2 dart slugs
  7 orcs
  3 ball pythons
  3 bats
  4 endoplasms
  A giant cockroach (D:1)
  2 goblins
  2 hobgoblins
  3 kobolds
  A quokka (D:4)
  6 rats
57 creatures vanquished.

Notes
Turn   | Place    | Note
-------+----------+-------------------------------------------
     0 | D:5      | Reached skill level 9 in Stealth
     0 | D:5      | croobank the Gnoll Delver began the quest for the Orb.
     0 | D:5      | Reached XP level 1. HP: 23/23 MP: 1/1
     1 | D:5      | Noticed a hound
    14 | D:4      | Noticed a black bear
    57 | D:3      | You fall into a shaft and drop 1 floor!
    58 | D:4      | Noticed a scorpion
   163 | D:3      | Noticed a gnoll shaman
   172 | D:2      | Found an ornate altar of the Wu Jian Council.
   540 | D:1      | Reached XP level 2. HP: 29/29 MP: 2/2
   746 | D:1      | Found a faded altar of an unknown god.
  1092 | D:2      | Reached XP level 3. HP: 25/35 MP: 3/3
  1449 | D:2      | Reached skill level 1 in Short Blades
  1449 | D:2      | Reached skill level 1 in Long Blades
  1449 | D:2      | Reached skill level 1 in Maces & Flails
  1449 | D:2      | Reached skill level 1 in Polearms
  1449 | D:2      | Reached skill level 1 in Staves
  1449 | D:2      | Reached skill level 1 in Slings
  1449 | D:2      | Reached skill level 1 in Bows
  1449 | D:2      | Reached skill level 1 in Crossbows
  1449 | D:2      | Reached skill level 1 in Throwing
  1449 | D:2      | Reached skill level 1 in Armour
  1449 | D:2      | Reached skill level 1 in Shields
  1449 | D:2      | Reached skill level 1 in Unarmed Combat
  1449 | D:2      | Reached skill level 1 in Spellcasting
  1449 | D:2      | Reached skill level 1 in Invocations
  1449 | D:2      | Reached skill level 1 in Evocations
  1449 | D:2      | Reached XP level 4. HP: 38/41 MP: 5/5
  2252 | D:2      | Reached skill level 1 in Conjurations
  2252 | D:2      | Reached skill level 1 in Hexes
  2252 | D:2      | Reached skill level 1 in Summonings
  2252 | D:2      | Reached skill level 1 in Necromancy
  2252 | D:2      | Reached skill level 1 in Translocations
  2252 | D:2      | Reached skill level 1 in Transmutations
  2252 | D:2      | Reached skill level 1 in Fire Magic
  2252 | D:2      | Reached skill level 1 in Ice Magic
  2252 | D:2      | Reached skill level 1 in Air Magic
  2252 | D:2      | Reached skill level 1 in Earth Magic
  2252 | D:2      | Reached skill level 1 in Poison Magic
  2423 | D:3      | Reached XP level 5. HP: 36/47 MP: 6/6
  2601 | D:3      | Noticed Grinder
  2607 | D:3      | Paralysed by Grinder for 2 turns
  3509 | D:3      | Reached XP level 6. HP: 14/53 MP: 8/8
  3770 | D:4      | Found an iron altar of Okawaru.
  3938 | D:4      | Reached skill level 5 in Axes
  3938 | D:4      | Reached skill level 5 in Dodging
  4130 | D:4      | Found Arugrog's Antique Weapon Shoppe.
  4328 | D:4      | Killed a black bear
  4648 | D:5      | Noticed a black bear
  4660 | D:5      | Reached XP level 7. HP: 57/59 MP: 10/10
  5312 | D:5      | Gained mutation: Your body sometimes deteriorates upon
                  | taking damage. [potion of mutation]
  5312 | D:5      | Gained mutation: You are somewhat resistant to further
                  | mutation. [potion of mutation]
  5318 | D:5      | HP: 2/60 [killer bee (5)]
  5321 | D:5      | Slain by a killer bee

Illustrated notes

Levels and vault maps discovered:
D:1:      minmay_arrival_radiant_lines, layout_basic,
          hellmonk_ecumenical_altar_run_dry, nrook_uturn,
          chequers_serial_rivers_small_3
D:2:      layout_loops_corners, basic_altar, chequers_serial_rivers_small_b,
          kennysheep_generic_room_2
D:3:      layout_rooms, uniq_grinder
D:4:      layout_rooms, mainiacjoe_overflow_six_doors_small, serial_shops,
          nicolae_shop_statue_plus, bh_walls_and_bars
D:5:      layout_rooms

Skill      XL: |  1  2  3  4  5  6  7 |
---------------+----------------------+-----
Stealth        | |  9.9
Short Blades   | 1 2 |  2.4
Long Blades    | 1 2 |  2.4
Maces & Flails | 1 2 |  2.4
Polearms       | 1 2 |  2.4
Staves         | 1 2 |  2.4
Slings         | 1 2 |  2.4
Bows           | 1 2 |  2.4
Crossbows      | 1 2 |  2.4
Throwing       | 1 2 |  2.4
Armour         | 1 2 |  2.4
Shields        | 1 2 |  2.4
Unarmed Combat | 1 2 |  2.4
Spellcasting   | 1 2 |  2.4
Invocations    | 1 2 |  2.7
Evocations     | 1 2 |  2.4
Conjurations   | 1 2 |  2.0
Hexes          | 1 2 |  2.0
Summonings     | 1 2 |  2.0
Necromancy     | 1 2 |  2.0
Translocations | 1 2 |  2.0
Transmutations | 1 2 |  2.0
Fire Magic     | 1 2 |  2.0
Ice Magic      | 1 2 |  2.0
Air Magic      | 1 2 |  2.0
Earth Magic    | 1 2 |  2.0
Poison Magic   | 1 2 |  2.0
Axes           | 5 |  5.2
Dodging        | 5 |  5.2
Fighting       | 7 |  7.0

Action                   |  1- 3 |  4- 6 |  7- 9 || total
-------------------------+-------+-------+-------++-------
Melee: Hand axe          |    60 |   208 |    33 ||   301
       Bite              |     4 |    19 |     3 ||    26
       Punch             |       |     7 |     2 ||     9
Throw: Throwing net      |       |     3 |       ||     3
       Dart              |       |       |     3 ||     3
       Stone             |       |       |     1 ||     1
  Use: Scroll            |     2 |     6 |     1 ||     9
       Potion            |       |     3 |     1 ||     4
 Stab: Sleeping          |    12 |     6 |     1 ||    19
       Held in net/web   |       |     1 |       ||     1
Armor: Leather armour    |    10 |    16 |       ||    26
       Scale mail        |       |    30 |    20 ||    50
Dodge: Dodged            |    42 |   119 |    38 ||   199
